[Event "Titled Tuesday Blitz July 18 Early 2023"]
[White "Lamaze, Simon"]
[Black "Postlmayer, Jakob"]
[WhiteFideId "36069264"]
[BlackFideId "1643622"]
[WhiteElo "2652"]
[BlackElo "2526"]
[Result "1/2-1/2"]
[Round "7"]
[TimeControl "180+2"]
[Date "2023.07.18"]
[WhiteClock "0:00:20"]
[BlackClock "0:00:39"]
[Board "55"]

1. Nc3 Nf6 2. e3 e5 3. g4 h6 4. Bg2 d5 5. h3 d4 6. Ne4 Nxe4 7. Bxe4 Be7 8. d3 Nd7 9. Ne2 Nf6 10. Bg2 c5 11. f4 exf4 12. Nxf4 O-O 13. e4 Nd7 14. O-O Ne5 15. Nh5 Be6 16. b3 Rc8 17. a4 b6 18. Bf4 Ng6 19. Bg3 Bd6 20. Qe1 Qc7 21. Kh2 a6 22. Bxd6 Qxd6+ 23. Qg3 Rfd8 24. Qxd6 Rxd6 25. Kg3 f6 26. h4 b5 27. axb5 axb5 28. Ra7 Rd7 29. Ra6 Re7 30. g5 hxg5 31. hxg5 fxg5 32. Rxe6 Rxe6 33. Bh3 Rec6 34. Bxc8 Rxc8 35. Rf5 c4 36. Rxg5 cxd3 37. cxd3 Kh7 38. Rxb5 Rc3 39. Nf4 Nxf4 40. Kxf4 Rxd3 41. e5 Kg6 42. Rb6+ Kf7 43. Ke4 Rd1 44. Kd5 d3 45. Rb7+ Kg6 46. Rb4 d2 47. Rd4 Kf7 48. Kd6 Rb1 49. Rxd2 Rxb3 50. Rf2+ Ke8 51. Ke6 Rb6+ 52. Kf5 Kf7 53. Ra2 g6+ 54. Ke4 Ke8 55. Ra7 Kd8 56. Kd5 Ke8 57. Rh7 Kd8 58. Rg7 Ke8 59. Ra7 Kd8 60. Rh7 Ke8 61. Kd4 Ra6 62. Rb7 Kd8 63. Kd5 Ke8 64. Ke4 Kd8 65. Kf4 Ke8 66. Ke4 Kd8 67. Rf7 Ke8 68. Rh7 Kd8 69. Rb7 Ke8 70. Kf4 Kd8 71. Rf7 Ke8 72. Rh7 Kf8 73. Rb7 Ke8 74. Kg5 Re6 75. Rb5 Kd7 76. Kh6 Kc6 77. Ra5 Kb6 78. Rd5 Kc6 79. Ra5 Kb6 80. Rd5 Kc6 81. Ra5 1/2-1/2


[Site "https://www.chess.com"]

[Event "Titled Tuesday Blitz July 18 Early 2023"]
[White "Ovchinnikov, Vsevolod"]
[Black "Tomaszewski, Kacper"]
[WhiteFideId "24176842"]
[BlackFideId "1127373"]
[WhiteElo "2650"]
[BlackElo "2495"]
[Result "1-0"]
[Round "7"]
[TimeControl "180+2"]
[Date "2023.07.18"]
[WhiteClock "0:00:44"]
[BlackClock "0:00:17"]
[Board "56"]

1. d4 Nf6 2. c4 e6 3. g3 d5 4. Nf3 c5 5. Bg2 cxd4 6. Nxd4 Bb4+ 7. Bd2 Bxd2+ 8. Nxd2 O-O 9. cxd5 Nxd5 10. O-O Bd7 11. Nc4 Nc6 12. Nb3 Nb6 13. Nd6 Rb8 14. Nc5 Na5 15. b4 Nc6 16. a3 Qe7 17. Ndxb7 Ne5 18. Qd6 Qxd6 19. Nxd6 Bc6 20. Rfd1 Bxg2 21. Kxg2 Nec4 22. Nxc4 Nxc4 23. Nd7 Nb2 24. Rdb1 1-0


[Site "https://www.chess.com"]

[Event "Titled Tuesday Blitz July 18 Early 2023"]
[White "Schnaider, Ilan"]
[Black "Besedes, Danilo"]
[WhiteFideId "169013"]
[BlackFideId "946796"]
[WhiteElo "2637"]
[BlackElo "2488"]
[Result "1-0"]
[Round "7"]
[TimeControl "180+2"]
[Date "2023.07.18"]
[WhiteClock "0:01:43"]
[BlackClock "0:00:00"]
[Board "57"]

1. e4 g6 2. d4 Bg7 3. Nc3 d6 4. f4 c6 5. Nf3 d5 6. e5 Bg4 7. Be2 h5 8. Be3 Nh6 9. h3 Bxf3 10. Bxf3 Nf5 11. Bf2 h4 12. Bg4 e6 13. Ne2 Nd7 14. Bxf5 exf5 15. Ng1 Bf8 16. Nf3 Be7 17. O-O Nf8 18. c4 dxc4 19. Rc1 Qd5 20. Qe2 Ne6 21. Be3 b5 22. b3 cxb3 23. axb3 O-O 24. Qf2 a5 25. Nxh4 Bxh4 26. Qxh4 a4 27. bxa4 bxa4 28. g4 Nxd4 29. Qf2 Rfd8 30. Rfd1 Nf3+ 31. Kg2 Ne1+ 32. Kf1 Qh1+ 33. Ke2 Qxh3 34. Rxe1 Qxg4+ 35. Qf3 Qxf3+ 36. Kxf3 a3 37. Rxc6 a2 38. Ra1 Rd3 39. Ke2 Raa3 40. Bc5 1-0


[Site "https://www.chess.com"]

[Event "Titled Tuesday Blitz July 18 Early 2023"]
[White "Goldin, Roman"]
[Black "Mendez Fortes, Eduardo Jesus"]
[WhiteFideId "2803860"]
[BlackFideId "3502376"]
[WhiteElo "2449"]
[BlackElo "2635"]
[Result "0-1"]
[Round "7"]
[TimeControl "180+2"]
[Date "2023.07.18"]
[WhiteClock "0:00:00"]
[BlackClock "0:00:38"]
[Board "58"]

1. e4 c5 2. Nf3 d6 3. Bc4 e6 4. d3 g6 5. a3 Bg7 6. Ba2 Ne7 7. O-O O-O 8. Nc3 Nbc6 9. Ng5 Rb8 10. f4 b5 11. Kh1 Nd4 12. Ne2 Nxe2 13. Qxe2 d5 14. a4 bxa4 15. Rb1 Bb7 16. f5 exf5 17. exf5 Nxf5 18. Rxf5 gxf5 19. Bf4 Rc8 20. Qh5 h6 21. Nf3 Qf6 22. Nh4 Rce8 23. Rf1 Kh7 24. c3 Re6 25. d4 Rfe8 26. Bb1 Re1 27. Bxf5+ Kg8 28. Kg1 Rxf1+ 29. Kxf1 Bc8 30. Bxc8 Qxf4+ 31. Nf3 Rxc8 32. Qxd5 Qc1+ 33. Kf2 Qxb2+ 34. Kg3 a3 35. Qd7 Rf8 36. dxc5 Qxc3 37. c6 a2 0-1


[Site "https://www.chess.com"]

[Event "Titled Tuesday Blitz July 18 Early 2023"]
[White "AndresDelgado77"]
[Black "Suleymanli, Suleyman"]
[BlackFideId "13416375"]
[WhiteElo "2360"]
[BlackElo "2634"]
[Result "0-1"]
[Round "7"]
[TimeControl "180+2"]
[Date "2023.07.18"]
[WhiteClock "0:00:00"]
[BlackClock "0:02:04"]
[Board "59"]

1. e4 c5 2. Nf3 d6 3. d4 cxd4 4. Qxd4 Nf6 5. e5 Nc6 6. Bb5 Qa5+ 7. Nc3 dxe5 8. Qxe5 Bd7 9. Bxc6 Qxe5+ 10. Nxe5 Bxc6 11. Nxc6 bxc6 12. Bg5 Nd5 13. Nxd5 cxd5 14. O-O-O e6 15. Rhe1 f6 16. Bh4 Kf7 17. Kb1 Bc5 18. c4 d4 19. f4 Rhe8 20. Bf2 e5 21. fxe5 fxe5 22. Re4 a5 23. Bg3 Bd6 24. Rde1 Re6 25. Kc2 Rae8 26. Kd3 h5 27. b3 g5 28. h3 h4 29. Bh2 Kg6 30. Rg4 e4+ 31. Rgxe4 Rxe4 32. Rxe4 Rxe4 33. Kxe4 Bxh2 34. Kxd4 Kf5 35. Ke3 Bg1+ 36. Kf3 Bc5 37. a4 Bd6 38. Ke3 g4 39. Kd4 gxh3 40. gxh3 Kf4 41. c5 Bc7 42. Kd5 Kg3 43. Ke4 Kxh3 44. Kf3 Kh2 45. Kf2 h3 46. Kf1 Kg3 47. Kg1 Kf3 0-1


[Site "https://www.chess.com"]

[Event "Titled Tuesday Blitz July 18 Early 2023"]
[White "Molina, Roberto Junio Brito"]
[Black "Glavina, Pablo"]
[WhiteFideId "2109450"]
[BlackFideId "100234"]
[WhiteElo "2880"]
[BlackElo "2397"]
[Result "0-1"]
[Round "7"]
[TimeControl "180+2"]
[Date "2023.07.18"]
[WhiteClock "0:00:08"]
[BlackClock "0:01:49"]
[Board "60"]

1. Na3 d5 2. d4 Nf6 3. c3 e6 4. Bf4 a6 5. e3 c5 6. Nf3 Nc6 7. Nc2 Bd6 8. Ne5 Qc7 9. Nd3 c4 10. Bxd6 Qxd6 11. Nf4 O-O 12. Be2 b5 13. O-O Bb7 14. Re1 a5 15. a3 b4 16. Bf3 b3 17. Nb4 axb4 18. cxb4 Ne7 19. Ne2 Rfd8 20. Nc3 e5 21. Qd2 e4 22. Be2 Nf5 23. g3 h5 24. Kg2 Bc8 25. h4 Be6 26. Rh1 g6 27. Rag1 Kg7 28. Kf1 Nh6 29. Ke1 Bg4 30. Kd1 Bxe2+ 31. Qxe2 Nhg4 32. Kd2 Ne8 33. Rf1 Nc7 34. f3 exf3 35. Rxf3 Re8 36. Rhf1 Re7 37. Rf4 Rf8 38. Qf3 f5 39. Re1 Rfe8 40. Nd1 Ne6 41. Rxf5 gxf5 42. Qxf5 Nxd4 43. Qxh5 Qg6 44. Qxg6+ Kxg6 45. Rf1 Nxe3 46. Nxe3 Rxe3 47. Rf4 0-1


[Site "https://www.chess.com"]

[Event "Titled Tuesday Blitz July 18 Early 2023"]
[White "Gorovets, Andrey"]
[Black "Sadykov, Ramil"]
[WhiteFideId "13504037"]
[BlackFideId "24113590"]
[WhiteElo "2832"]
[BlackElo "2585"]
[Result "1-0"]
[Round "7"]
[TimeControl "180+2"]
[Date "2023.07.18"]
[WhiteClock "0:00:25"]
[BlackClock "0:00:00"]
[Board "61"]

1. Nf3 Nf6 2. d4 g6 3. c4 Bg7 4. g3 O-O 5. Bg2 d5 6. cxd5 Nxd5 7. O-O Nb6 8. Nc3 Nc6 9. d5 Na5 10. Qc2 Bf5 11. e4 Bg4 12. Bf4 c6 13. Ne5 Bxe5 14. Bxe5 Nac4 15. Bf4 e5 16. Bh6 Re8 17. h3 Bd7 18. b3 Nd6 19. f4 Qe7 20. fxe5 Qxe5 21. Bf4 Qd4+ 22. Kh2 Nxe4 23. Nxe4 Bf5 24. dxc6 bxc6 25. Rae1 Nd5 26. Qd2 Qxd2 27. Bxd2 a5 28. Nd6 Rxe1 29. Rxe1 Be6 30. Rc1 a4 31. b4 a3 32. Rxc6 Ne7 33. Rc7 Rd8 34. Rxe7 Rxd6 35. Bh6 Rd8 36. Ra7 1-0


[Site "https://www.chess.com"]

[Event "Titled Tuesday Blitz July 18 Early 2023"]
[White "Skliarov, Viktor"]
[Black "Schmakel, Sam"]
[WhiteFideId "14106736"]
[BlackFideId "2039311"]
[WhiteElo "2593"]
[BlackElo "2756"]
[Result "1-0"]
[Round "7"]
[TimeControl "180+2"]
[Date "2023.07.18"]
[WhiteClock "0:00:06"]
[BlackClock "0:00:03"]
[Board "62"]

1. e4 e6 2. d4 d5 3. e5 c5 4. c3 Nc6 5. Nf3 Qb6 6. a3 c4 7. Nbd2 Na5 8. g3 Bd7 9. h4 h6 10. Bh3 O-O-O 11. O-O Kb8 12. h5 Ne7 13. Nh4 Qc7 14. f4 g6 15. g4 Rg8 16. Kh2 Nc8 17. hxg6 fxg6 18. f5 gxf5 19. gxf5 exf5 20. Nxf5 Nb6 21. Nf3 Nb3 22. Rb1 Nxc1 23. Qxc1 Be6 24. Qf4 Na4 25. Rf2 a5 26. Rg1 Rxg1 27. Nxg1 b5 28. Ne3 Bxh3 29. Nxh3 b4 30. axb4 axb4 31. Nxd5 Qb7 32. Nxb4 Bxb4 33. cxb4 Qxb4 34. e6+ Kc8 35. Qf5 Qd6+ 36. Nf4 Rf8 37. Qe4 Nb6 38. e7 Re8 39. Re2 Nd5 40. Qxd5 Qxf4+ 41. Kh1 Qh4+ 42. Kg1 Qg4+ 43. Kf1 Qh4 44. Qc6+ Kb8 45. Qxe8+ Kb7 46. Qb5+ Kc7 47. Qe5+ Kb7 48. Qe4+ 1-0


[Site "https://www.chess.com"]

[Event "Titled Tuesday Blitz July 18 Early 2023"]
[White "Fiorito, Joaquin"]
[Black "Kashlinskaya, Alina"]
[WhiteFideId "180173"]
[BlackFideId "4198026"]
[WhiteElo "2721"]
[BlackElo "2579"]
[Result "0-1"]
[Round "7"]
[TimeControl "180+2"]
[Date "2023.07.18"]
[WhiteClock "0:00:13"]
[BlackClock "0:01:49"]
[Board "63"]

1. d4 Nf6 2. Nc3 d5 3. Bf4 e6 4. Nb5 Na6 5. e3 Be7 6. Nf3 O-O 7. h4 c6 8. Nc3 c5 9. h5 h6 10. g4 Nxg4 11. Rg1 f5 12. Ne5 Nxe5 13. Bxe5 Bf6 14. Bxf6 Qxf6 15. Bxa6 bxa6 16. dxc5 Rb8 17. Qd4 Rxb2 18. Kd2 Bd7 19. Rg6 Qxd4+ 20. exd4 Rb4 21. Kd3 f4 22. Rag1 Rf7 23. Rxh6 Rc4 24. Rhg6 e5 25. dxe5 Bf5+ 26. Kd2 Bxg6 27. Rxg6 Re7 28. Nxd5 Rd4+ 0-1


[Site "https://www.chess.com"]

[Event "Titled Tuesday Blitz July 18 Early 2023"]
[White "Vovk, Orest"]
[Black "Stoyanov, Tsvetan"]
[WhiteFideId "14113490"]
[BlackFideId "2917173"]
[WhiteElo "2581"]
[BlackElo "2719"]
[Result "0-1"]
[Round "7"]
[TimeControl "180+2"]
[Date "2023.07.18"]
[WhiteClock "0:00:00"]
[BlackClock "0:00:14"]
[Board "64"]

1. g4 d5 2. h3 h5 3. g5 e5 4. Bg2 c6 5. d4 e4 6. c4 Bb4+ 7. Nc3 Ne7 8. Qb3 a5 9. cxd5 cxd5 10. a3 Bd6 11. g6 Nbc6 12. gxf7+ Kf8 13. e3 Be6 14. Nxe4 a4 15. Qa2 Bb4+ 16. Bd2 Bxd2+ 17. Nxd2 Nf5 18. Ngf3 Rh6 19. h4 Bxf7 20. Bh3 Nxh4 21. O-O-O Nxf3 22. Nxf3 Bg6 23. Ne5 Nxe5 24. dxe5 Be4 25. Kd2 Qa5+ 26. Ke2 Qb5+ 27. Kd2 Rc6 28. Rc1 Qd3+ 0-1


[Site "https://www.chess.com"]

[Event "Titled Tuesday Blitz July 18 Early 2023"]
[White "Petrosian, Karlen"]
[Black "Eugene, Floryan"]
[WhiteFideId "4176146"]
[BlackFideId "20694784"]
[WhiteElo "2602"]
[BlackElo "2690"]
[Result "1-0"]
[Round "7"]
[TimeControl "180+2"]
[Date "2023.07.18"]
[WhiteClock "0:00:48"]
[BlackClock "0:00:23"]
[Board "65"]

1. e4 c5 2. Be2 Nc6 3. f4 g6 4. Nf3 Bg7 5. O-O e6 6. c3 Nge7 7. d4 cxd4 8. cxd4 d5 9. e5 Qb6 10. Nc3 Nf5 11. Na4 Qc7 12. g4 Nfe7 13. Be3 h5 14. h3 Bd7 15. Rc1 b6 16. a3 Qb7 17. Nc3 a6 18. Bd3 b5 19. Ne2 Na5 20. b3 Rc8 21. Rxc8+ Nxc8 22. f5 hxg4 23. hxg4 gxf5 24. gxf5 Bf8 25. Ng5 Rg8 26. Ng3 Be7 27. Qh5 Bxg5 28. Bxg5 Nxb3 29. Qh7 Rf8 30. Bh6 Qb6 31. Bxf8 Qxd4+ 32. Kg2 Qxd3 33. Qh8 Bc6 34. Bd6+ Kd7 35. fxe6+ Kxe6 36. Rf6+ Kd7 37. Rxf7+ Ke6 38. Qf6# 1-0


[Site "https://www.chess.com"]

[Event "Titled Tuesday Blitz July 18 Early 2023"]
[White "Dimitrov, Atanas"]
[Black "Becerra, Juan David"]
[WhiteFideId "2901315"]
[BlackFideId "4404998"]
[WhiteElo "2684"]
[BlackElo "2567"]
[Result "1-0"]
[Round "7"]
[TimeControl "180+2"]
[Date "2023.07.18"]
[WhiteClock "0:01:38"]
[BlackClock "0:00:00"]
[Board "66"]

1. Nf3 d5 2. e3 Nf6 3. c4 e6 4. Nc3 c6 5. b3 Nbd7 6. Bb2 Bd6 7. Be2 O-O 8. d4 dxc4 9. Bxc4 e5 10. dxe5 Nxe5 11. Be2 Qe7 12. O-O Bg4 13. Nxe5 Qxe5 14. g3 Bh3 15. Re1 Rad8 16. Qc2 Qg5 17. Ne4 Nxe4 18. Qxe4 Rfe8 19. Qf3 Be5 20. Bxe5 Qxe5 21. g4 Rd2 22. Rad1 Bxg4 23. Qxg4 Rxa2 24. Bf3 h6 25. Rd4 Re6 26. Kh1 f5 27. Qf4 Rxf2 28. Kg1 Qxf4 29. Rxf4 Rb2 30. b4 Re5 31. Re2 g5 32. Rxb2 gxf4 33. exf4 Re3 34. Kf2 Rc3 35. b5 Kg7 36. bxc6 bxc6 37. Rb7+ Kf6 38. Rxa7 Rc2+ 39. Kg3 1-0


[Site "https://www.chess.com"]

[Event "Titled Tuesday Blitz July 18 Early 2023"]
[White "Begmuratov, Alisher"]
[Black "musclemonster12"]
[WhiteFideId "14203367"]
[WhiteElo "2665"]
[BlackElo "2565"]
[Result "0-1"]
[Round "7"]
[TimeControl "180+2"]
[Date "2023.07.18"]
[WhiteClock "0:00:07"]
[BlackClock "0:00:13"]
[Board "67"]

1. Nf3 d5 2. b3 Bf5 3. Bb2 e6 4. e3 h6 5. Be2 Nf6 6. O-O c6 7. c4 Bd6 8. Nc3 Nbd7 9. d3 Bh7 10. a3 O-O 11. b4 a5 12. c5 Bc7 13. d4 e5 14. b5 e4 15. Nd2 Ne8 16. Qa4 Qf6 17. bxc6 bxc6 18. Nxd5 cxd5 19. Qxd7 Rd8 20. Qa4 Qh4 21. g3 Qh3 22. Rfb1 Nf6 23. Bf1 Qh5 24. Qd1 Qg5 25. Bh3 h5 26. Bc3 Rb8 27. Rxb8 Rxb8 28. Rb1 h4 29. Rxb8+ Bxb8 30. Qb1 Bc7 31. Qb7 Ne8 32. Bd7 hxg3 33. hxg3 Bxg3 34. Bxe8 Bg6 35. Qc8 Bh5 36. Bb5+ Kh7 37. Qh3 Bh4+ 38. Kf1 Kg6 39. Be2 Bxe2+ 40. Kxe2 Qh5+ 41. Ke1 Bxf2+ 42. Kxf2 Qxh3 43. Bxa5 Qh2+ 44. Ke1 Qg3+ 45. Ke2 Qg4+ 46. Ke1 Qc8 47. Bb4 Kf5 48. Nb3 g5 49. Na5 g4 50. c6 g3 51. Kf1 Kg4 52. Kg2 Qf5 53. Be1 Qf3+ 54. Kg1 Qxe3+ 55. Kf1 Qf3+ 56. Kg1 Qe2 57. Bxg3 Kxg3 0-1


[Site "https://www.chess.com"]

[Event "Titled Tuesday Blitz July 18 Early 2023"]
[White "Moskvin, Anatoly"]
[Black "Spata, German"]
[WhiteFideId "24199990"]
[BlackFideId "113026"]
[WhiteElo "2559"]
[BlackElo "2653"]
[Result "1-0"]
[Round "7"]
[TimeControl "180+2"]
[Date "2023.07.18"]
[WhiteClock "0:00:06"]
[BlackClock "0:00:26"]
[Board "68"]

1. e4 e6 2. Nf3 d5 3. e5 a5 4. a4 c5 5. Bb5+ Bd7 6. O-O Nc6 7. Bxc6 bxc6 8. d3 Ne7 9. Re1 Ng6 10. g3 Be7 11. h4 O-O 12. h5 Nh8 13. Nbd2 f5 14. exf6 Bxf6 15. Nf1 Nf7 16. Be3 Qb6 17. d4 c4 18. N1h2 Nd6 19. h6 g6 20. Ng4 Nf5 21. Nxf6+ Rxf6 22. Bg5 Rf7 23. Qd2 Nxg3 24. Ne5 Nf5 25. Nxf7 Kxf7 26. c3 Rb8 27. Re2 Re8 28. Qf4 Qb8 29. Qd2 Qd6 30. Rae1 Qc7 31. f4 Ng3 32. Re5 Nf5 33. Qd1 Rb8 34. R1e2 Rb3 35. Qf1 Qb8 36. Qg2 Qg8 37. Qf1 Qb8 38. Qg2 Qa8 39. Qf2 Qa7 40. Qf3 c5 41. Rxf5+ gxf5 42. Qh5+ Kf8 43. Bf6 Be8 44. Bg7+ Ke7 45. Qg5+ Kd7 46. Qf6 cxd4 47. Qxe6+ Kc7 48. Bxd4 Bd7 49. Qe5+ Kb7 50. Bxa7 Kxa7 51. Qd6 1-0


[Site "https://www.chess.com"]

[Event "Titled Tuesday Blitz July 18 Early 2023"]
[White "Sahib Singh"]
[Black "Arencibia Monduy, Antonio"]
[WhiteFideId "25618342"]
[BlackFideId "3507939"]
[WhiteElo "2653"]
[BlackElo "2556"]
[Result "1-0"]
[Round "7"]
[TimeControl "180+2"]
[Date "2023.07.18"]
[WhiteClock "0:01:53"]
[BlackClock "0:00:28"]
[Board "69"]

1. e4 e6 2. d4 d5 3. Nd2 dxe4 4. Nxe4 Nd7 5. Nf3 Ngf6 6. Neg5 Be7 7. Bd3 O-O 8. Ne5 Nb6 9. c3 h6 10. h4 c5 11. Qc2 Qe8 12. Bh7+ Kh8 13. Ngxf7+ Rxf7 14. Bg6 Qb5 15. Bxf7 cxd4 16. Ng6+ Kh7 17. Nf8+ Kh8 18. Qh7+ 1-0


[Site "https://www.chess.com"]

[Event "Titled Tuesday Blitz July 18 Early 2023"]
[White "Haug, Havard"]
[Black "Bilan, Danila"]
[WhiteFideId "1547887"]
[BlackFideId "24161918"]
[WhiteElo "2652"]
[BlackElo "2534"]
[Result "1-0"]
[Round "7"]
[TimeControl "180+2"]
[Date "2023.07.18"]
[WhiteClock "0:01:02"]
[BlackClock "0:00:00"]
[Board "70"]

1. e4 c6 2. d4 d5 3. exd5 cxd5 4. Bd3 Nc6 5. c3 Qc7 6. h3 g6 7. Na3 a6 8. Nc2 Bf5 9. Be2 Nf6 10. Ne3 Bd7 11. Nf3 Bg7 12. a4 O-O 13. O-O Rad8 14. Re1 Rfe8 15. Bd2 e5 16. dxe5 Nxe5 17. Nxe5 Qxe5 18. Bf3 Ne4 19. Nc2 Qf6 20. Be3 Bc6 21. Bd4 Qh4 22. Bxg7 Qxf2+ 23. Kh2 Qg3+ 24. Kg1 Kxg7 25. Nd4 Nf2 26. Qd2 Nxh3+ 27. Kf1 Ng5 28. Ne2 Nxf3 29. gxf3 Qxf3+ 30. Kg1 d4 31. Qg5 Rd5 32. Qg3 Qh5 33. Nf4 Qf5 34. Rxe8 d3 35. Nxd5 1-0


[Site "https://www.chess.com"]

[Event "Titled Tuesday Blitz July 18 Early 2023"]
[White "Rangel, Daniel"]
[Black "Goryachkina, Aleksandra"]
[WhiteFideId "2124475"]
[BlackFideId "4147103"]
[WhiteElo "2532"]
[BlackElo "2644"]
[Result "0-1"]
[Round "7"]
[TimeControl "180+2"]
[Date "2023.07.18"]
[WhiteClock "0:00:04"]
[BlackClock "0:00:06"]
[Board "71"]

1. c4 Nf6 2. g3 e6 3. Bg2 d5 4. Nf3 Be7 5. O-O O-O 6. b3 c6 7. Ba3 b6 8. Bxe7 Qxe7 9. d4 Nbd7 10. Nc3 Ba6 11. Nd2 Rfd8 12. e4 Rac8 13. Re1 dxc4 14. bxc4 e5 15. d5 Nc5 16. Bh3 Rc7 17. Bf1 Bc8 18. Nb3 Bg4 19. f3 Bc8 20. Qd2 Nb7 21. Qf2 Nd6 22. dxc6 Rxc6 23. Nd5 Nxd5 24. cxd5 Rc7 25. Rac1 f5 26. Rxc7 Qxc7 27. exf5 Nxf5 28. Rd1 Nd6 29. Qe3 Re8 30. Bd3 Bf5 31. Be4 Bxe4 32. fxe4 Qc4 33. Nd2 Qxa2 34. Rf1 h6 35. Rf2 Qa1+ 36. Kg2 Rc8 37. Qf3 Qa4 38. Qg4 Qe8 39. Nf3 Rc4 40. Nh4 Rxe4 41. Qd1 Rd4 42. Qb3 Qb5 43. Qf3 Qxd5 44. Ng6 Qxf3+ 45. Kxf3 Rd3+ 46. Kg2 e4 47. h4 e3 48. Re2 Rd2 49. Kf3 Rxe2 50. Kxe2 Nc4 51. Kd3 b5 52. Ne7+ Kf7 53. Nc6 a5 54. Nd4 Nd6 55. Kxe3 a4 56. Kd3 Kf6 57. g4 Ke5 58. g5 h5 59. Nc6+ Kf4 60. Ne7 Kg4 61. g6 Kxh4 62. Kd4 Kg5 63. Ke5 Nc4+ 64. Ke6 a3 65. Kf7 a2 66. Kxg7 a1=Q+ 67. Kf7 Qf6+ 68. Ke8 Qxe7+ 69. Kxe7 Kxg6 0-1


[Site "https://www.chess.com"]

[Event "Titled Tuesday Blitz July 18 Early 2023"]
[White "Mortazavi, Ali"]
[Black "Kuzhilniy, Oleksandr"]
[WhiteFideId "401323"]
[BlackFideId "34110500"]
[WhiteElo "2524"]
[BlackElo "2628"]
[Result "0-1"]
[Round "7"]
[TimeControl "180+2"]
[Date "2023.07.18"]
[WhiteClock "0:00:10"]
[BlackClock "0:00:15"]
[Board "72"]

1. Nf3 Nf6 2. g3 b6 3. Bg2 Bb7 4. O-O g6 5. d3 Bg7 6. e4 e6 7. a4 d5 8. e5 Nfd7 9. Re1 c5 10. c3 Nc6 11. Bf4 Rc8 12. h4 h6 13. Na3 a6 14. Nc2 Qc7 15. d4 cxd4 16. Ncxd4 Nxd4 17. cxd4 Qc2 18. Rc1 Qxd1 19. Rexd1 Ke7 20. Bd2 Rxc1 21. Rxc1 Rc8 22. Rxc8 Bxc8 23. Ne1 h5 24. Bf1 Nb8 25. Nc2 Kd7 26. Be2 Kc7 27. f3 a5 28. Na3 Bf8 29. Nb5+ Kd7 30. g4 Be7 31. Be1 Nc6 32. gxh5 gxh5 33. f4 Ba6 34. Bf2 Na7 35. Bxh5 Nxb5 36. axb5 Bxb5 37. Bxf7 Bd3 38. Be1 a4 39. h5 b5 40. h6 Bh7 41. Kf1 Bf8 42. Ke2 Bxh6 43. Kf3 Bf8 44. Bh5 b4 45. Ke3 Bf5 46. Bd1 a3 47. bxa3 bxa3 48. Bb3 Kc6 49. Ba4+ Kb6 50. Bc3 Be7 51. Be8 a2 52. Ba4 Bb4 53. Ba1 Ka5 54. Bb3 Bb1 55. f5 Bxf5 56. Bxa2 Ka4 57. Bb2 Ba3 58. Bc3 Bc1+ 59. Bd2 Bxd2+ 60. Kxd2 Ka3 61. Bxd5 exd5 62. Ke3 Kb4 63. Kf4 Be6 64. Kg5 Kc4 65. Kf6 Bh3 0-1


[Site "https://www.chess.com"]

[Event "Titled Tuesday Blitz July 18 Early 2023"]
[White "Sathish, Pranav"]
[Black "Belov, Alexei"]
[WhiteFideId "30967538"]
[BlackFideId "4128206"]
[WhiteElo "2472"]
[BlackElo "2625"]
[Result "0-1"]
[Round "7"]
[TimeControl "180+2"]
[Date "2023.07.18"]
[WhiteClock "0:00:32"]
[BlackClock "0:00:11"]
[Board "73"]

1. Nf3 d5 2. b3 e6 3. Bb2 Nf6 4. c4 Be7 5. e3 O-O 6. Be2 dxc4 7. bxc4 c5 8. Nc3 Nc6 9. O-O a6 10. Rb1 Qc7 11. a3 Rd8 12. Qc2 b6 13. Rfd1 Bb7 14. h3 Rab8 15. Na4 Ba8 16. d4 cxd4 17. Nxd4 Nxd4 18. exd4 b5 19. Nc5 Bxc5 20. dxc5 Be4 21. Bd3 Rxd3 22. Rxd3 bxc4 23. Qxc4 Bxd3 24. Qxd3 Qxc5 25. Bd4 Rxb1+ 26. Qxb1 Qxa3 27. Qb8+ Qf8 28. Qa7 Qd8 29. Qxa6 h6 30. Qc4 Nd5 31. g3 Qa8 32. Qe2 Qc6 33. Qg4 f6 34. h4 e5 35. Be3 Nxe3 36. fxe3 Qc1+ 37. Kf2 Qd2+ 38. Kf1 Qd3+ 39. Kf2 f5 40. Qg6 Qd2+ 41. Kf3 Qd1+ 42. Kf2 Qd2+ 43. Kf3 e4+ 44. Kf4 Qf2+ 45. Ke5 Qxe3 46. Qxf5 Qxg3+ 47. Kxe4 Qxh4+ 48. Kf3 Qh1+ 49. Kf2 Qh2+ 50. Kf3 Qb8 51. Qe6+ Kh8 52. Qf5 Qg8 53. Kg4 Qc4+ 54. Kf3 Qc3+ 55. Kg2 Qb2+ 56. Kh3 Qf6 57. Qc8+ Kh7 58. Qg4 Qg6 59. Qf3 h5 60. Kh4 Qg4+ 61. Qxg4 hxg4 62. Kxg4 Kg6 63. Kf4 Kh5 64. Kf3 Kh4 65. Kg2 Kg4 0-1


[Site "https://www.chess.com"]

[Event "Titled Tuesday Blitz July 18 Early 2023"]
[White "Tregubov, Pavel V."]
[Black "Herzog2012"]
[WhiteFideId "4115341"]
[WhiteElo "2623"]
[BlackElo "2439"]
[Result "1-0"]
[Round "7"]
[TimeControl "180+2"]
[Date "2023.07.18"]
[WhiteClock "0:00:34"]
[BlackClock "0:00:00"]
[Board "74"]

1. e4 c5 2. Nf3 Nc6 3. Bb5 g6 4. O-O Bg7 5. c3 Nf6 6. Re1 O-O 7. h3 Qb6 8. a4 a6 9. Bc4 d6 10. d4 cxd4 11. cxd4 Nd7 12. Nc3 h6 13. Nd5 Qd8 14. Be3 e6 15. Nc3 Qe7 16. Qd2 Kh7 17. Bf1 b6 18. Rad1 Bb7 19. d5 Nce5 20. Nxe5 Bxe5 21. Bxh6 Rfd8 22. Bg5 Bf6 23. Bxf6 Nxf6 24. dxe6 Qxe6 25. Qd4 Nd7 26. Bc4 Qe5 27. Bxf7 Qxd4 28. Rxd4 Ne5 29. Bd5 Bxd5 30. Nxd5 b5 31. Rc1 Rac8 32. Rxc8 Rxc8 33. Nf6+ Kg7 34. Rxd6 bxa4 35. Rxa6 Nc4 36. f4 Nxb2 37. e5 Rc1+ 38. Kh2 Nd3 39. Rxa4 Nf2 40. Ra7+ Kf8 41. e6 Rh1+ 42. Kg3 1-0


[Site "https://www.chess.com"]

[Event "Titled Tuesday Blitz July 18 Early 2023"]
[White "Vaibhav Jayant Raut"]
[Black "favesaul"]
[WhiteFideId "5089034"]
[WhiteElo "2608"]
[BlackElo "2437"]
[Result "1-0"]
[Round "7"]
[TimeControl "180+2"]
[Date "2023.07.18"]
[WhiteClock "0:00:04"]
[BlackClock "0:00:00"]
[Board "75"]

1. e4 c5 2. Nf3 e6 3. d4 cxd4 4. Nxd4 Nc6 5. Nc3 d6 6. Be3 Nf6 7. Qd2 a6 8. f3 h5 9. O-O-O Bd7 10. Qf2 b5 11. Bxb5 axb5 12. Ndxb5 Be7 13. Bb6 Qb8 14. Nc7+ Kf8 15. Nxa8 Qxa8 16. Rd2 Qb7 17. Rhd1 Ne5 18. Qd4 Qc6 19. b3 g5 20. Ba5 Kg7 21. Qb6 Qxb6 22. Bxb6 Rc8 23. Bd4 Be8 24. Ne2 Nfd7 25. h4 f6 26. f4 gxf4 27. Nxf4 Bf7 28. a4 Nc5 29. Bxc5 Rxc5 30. Nd3 Nxd3+ 31. Rxd3 d5 32. exd5 exd5 33. Rg3+ Kh7 34. Rf3 Bg6 35. c3 Be4 36. Re3 Bd6 37. Kb2 Bf4 38. Rh3 Kg6 39. b4 Rc7 40. a5 Be5 41. Re3 Bf5 42. Rxd5 Be6 43. Rdxe5 fxe5 44. Rxe5 Bf5 45. a6 Kf6 46. Ra5 Be4 47. b5 Rc8 48. g3 Ke6 49. c4 Kd6 50. b6 Re8 51. Rxh5 Kc6 52. Rh6+ Kc5 53. b7 1-0


[Site "https://www.chess.com"]

[Event "Titled Tuesday Blitz July 18 Early 2023"]
[White "Garsky, Vladyslav"]
[Black "Shukhman, Anna"]
[WhiteFideId "34100270"]
[BlackFideId "54180058"]
[WhiteElo "2429"]
[BlackElo "2603"]
[Result "1-0"]
[Round "7"]
[TimeControl "180+2"]
[Date "2023.07.18"]
[WhiteClock "0:01:24"]
[BlackClock "0:00:03"]
[Board "76"]

1. e4 c5 2. Nf3 a6 3. c3 d5 4. exd5 Qxd5 5. d4 e6 6. Be3 cxd4 7. Nxd4 Nf6 8. Be2 e5 9. Nf3 Qxd1+ 10. Bxd1 Nc6 11. Nbd2 Be6 12. Bb3 Bxb3 13. Nxb3 Be7 14. Nc5 O-O 15. Nb3 Nd5 16. Bd2 a5 17. a4 e4 18. Nfd4 Bf6 19. Nxc6 bxc6 20. O-O-O Be7 21. Nd4 Rfc8 22. Rhe1 Nf6 23. Nf5 Bc5 24. Be3 Bf8 25. Bg5 Re8 26. Bxf6 gxf6 27. Nd6 Bxd6 28. Rxd6 Rac8 29. Rxf6 Re5 30. Re3 Kf8 31. Rh6 Kg7 32. Rd6 f5 33. Rg3+ Kf7 34. Rd7+ Re7 35. Rxe7+ Kxe7 36. Rg7+ Kf6 37. Rxh7 f4 38. Rh5 c5 39. g3 f3 40. Kd2 Rb8 41. Ke3 Rxb2 42. Kxe4 Rxf2 43. g4 Rc2 44. Kxf3 Rxc3+ 45. Kf4 Rc4+ 46. Kg3 Rc3+ 47. Kh4 c4 48. Rxa5 Rc2 49. h3 Ra2 50. g5+ Kg6 51. Ra6+ Kf5 52. a5 c3 53. Rf6+ Ke4 54. Rc6 Kd3 55. g6 Ra4+ 56. Kh5 Rxa5+ 57. Kh6 Ra1 58. h4 Rh1 59. h5 c2 60. g7 Rg1 61. Kh7 Kd2 62. Rxc2+ Kxc2 63. g8=Q Kd3 64. Qxg1 1-0


[Site "https://www.chess.com"]